 Dungeon Crawl Stone Soup version 0.26-a0-649-gf8c6c3aab7 (webtiles) character file.

Game seed: 18386917758231556419

24735 Conn the Covert (level 13, -6/79 HPs)
             Began as an Octopode Hedge Wizard on Sept 26, 2020.
             Was a High Priest of Sif Muna.
             Mangled by Saint Roka
             ... wielding a +2 halberd
              (29 damage)
             ... on level 2 of the Orcish Mines on Sept 27, 2020.
             The game lasted 01:24:30 (18106 turns).

Conn the Covert (Octopode Hedge Wizard)            Turns: 18106, Time: 01:24:31

Health: -6/79      AC:  3    Str:  9    XL:     13   Next: 15%
Magic:  21/36      EV: 16    Int: 27    God:    Sif Muna [*****.]
Gold:   269        SH:  0    Dex: 14    Spells: 11/32 levels left

rFire    + . .     SeeInvis +   a - +10 dagger "Ememeim" {flame, rC+ SInv}
rCold    + . .     Faith    .   (no shield)
rNeg     . . .     Spirit   .   k - +2 hat
rPois    +         Reflect  .   (no amulet)
rElec    .         Harm     .   e - ring of protection from cold
rCorr    .         Rampage  .   F - +6 ring of intelligence
MR       +....                  I - ring of fire
Stlth    +++++++...             p - ring of protection from magic
HPRegen  0.23/turn              y - ring of the Elephant {rPois Dex+2 Slay+5 Stlth+}
MPRegen  0.25/turn              A - ring of magical power
                                (no ring)
                                (no ring)

@: no status effects
A: almost no armour, stealthy swim, amphibious, 8 rings, constrict 8, camouflage
1, see invisible, gelatinous body 1
a: Channel Magic, Forget Spell, Divine Exegesis, Renounce Religion


You were on level 2 of the Orcish Mines.
You worshipped Sif Muna.
Sif Muna was extremely pleased with you.
You visited 3 branches of the dungeon, and saw 15 of its levels.

You collected 1451 gold pieces.
You spent 1182 gold pieces at shops.

Inventory:

Hand Weapons
 a - the +10 dagger "Ememeim" (weapon) {flame, rC+ SInv}
   (You found it on level 12 of the Dungeon)

   It has been specially enchanted to burn those struck by it, causing extra
   injury to most foes and up to half again as much damage against particularly
   susceptible opponents.
   It protects you from cold.
   It lets you see invisible.
Missiles
 g - 138 sling bullets
 i - 8 curare-tipped darts (quivered)
 z - 3 silver javelins
Armour
 k - a +2 hat (worn)
Magical Staves
 D - an uncursed staff of air
Jewellery
 e - a ring of protection from cold (left tentacle)
 p - a ring of protection from magic (on tentacle)
 y - the ring of the Elephant (on tentacle) {rPois Dex+2 Slay+5 Stlth+}
   (You bought it in a shop on level 1 of the Orcish Mines)

   [ring of stealth]

   It affects your dexterity (+2).
   It affects your accuracy and damage with ranged weapons and melee attacks
   (+5).
   It protects you from poison.
   It makes you more stealthy.
 A - a ring of magical power (on tentacle)
 F - a +6 ring of intelligence (right tentacle)
 I - a ring of fire (on tentacle)
Wands
 v - a wand of enslavement (6)
 B - a wand of paralysis (4)
 C - a wand of iceblast (20)
 E - a wand of polymorph (3)
Scrolls
 b - 3 scrolls of fear {unknown}
 c - 6 scrolls of remove curse
 d - 3 scrolls of teleportation
 f - 13 scrolls of identify
 h - 3 scrolls of enchant armour {unknown}
 n - 2 scrolls of fog {unknown}
 s - a scroll of enchant weapon {unknown}
 t - 3 scrolls of amnesia {unknown}
Potions
 j - 2 potions of mutation
 l - 2 potions of curing
 o - 2 potions of flight
 q - a potion of haste
 u - a potion of might
 w - a potion of stabbing
 x - a potion of brilliance
 G - a potion of lignification
Miscellaneous
 m - a box of beasts (2/3)
 H - a tin of tremorstones (3/3)


   Skills:
 + Level 3.9 Fighting
 + Level 6.5 Short Blades
 + Level 2.7 Staves
 + Level 2.5 Throwing
 + Level 5.6 Dodging
 + Level 10.7 Stealth
 * Level 10.3 Spellcasting
 + Level 7.5 Conjurations
 + Level 0.8 Hexes
 + Level 4.2 Summonings
 + Level 2.4 Translocations
 - Level 4.0 Transmutations
 + Level 4.2 Fire Magic
 + Level 5.4 Air Magic
 + Level 4.3 Earth Magic
 - Level 3.6 Poison Magic
 - Level 5.5 Invocations
 + Level 1.3 Evocations


You had 11 spell levels left.
You knew the following spells:

 Your Spells              Type           Power        Failure   Level
a - Magic Dart            Conj           ####         1%          1
b - Blink                 Tloc           N/A          2%          2
c - Call Imp              Summ           #####...     1%          2
d - Conjure Flame         Conj/Fire      ######..     1%          3
e - Mephitic Cloud        Conj/Pois/Air  #####...     1%          3
f - Petrify               Tmut/Erth      #####...     8%          4
g - Inner Flame           Hex/Fire       #####...     4%          3
h - Ignite Poison         Fire/Tmut/Pois ######..     2%          3

Your spell library contained the following spells:

 Spells                   Type           Power        Failure   Level
 Beastly Appendage        Tmut           #####.       1%          1
 Sting                    Tmut/Pois      ####         1%          1
 Poisonous Vapours        Pois/Air       #####.       1%          2
 Wereblood                Tmut           #####...     1%          2
 Spider Form              Tmut/Pois      ####......   2%          3
 Corona                   Hex            ###....      3%          1
 Slow                     Hex            ###.....     4%          2
 Gell's Gravitas          Tloc           ####......   4%          3
 Portal Projectile        Hex/Tloc       ###...       6%          3
 Confusing Touch          Hex            ###.....     9%          3
 Olgreb's Toxic Radiance  Pois           ####....     10%         4
 Leda's Liquefaction      Hex/Erth       ####......   14%         4
 Ice Form                 Ice/Tmut       ###.....     19%         4
 Blade Hands              Tmut           #####.....   22%         5
 Cause Fear               Hex            ###.......   28%         4
 Yara's Violent Unravell  Hex/Tmut       ####......   38%         5
 Metabolic Englaciation   Hex/Ice        ###.......   67%         5


Dungeon Overview and Level Annotations

Branches:
Dungeon (12/15)            Temple (1/1) D:7            Lair (0/6) D:10
    Orc (2/2) D:12            Elf (0/3) Orc:2

Altars:
Cheibriados
Dithmenos
Hepliaklqana
Makhleb
Nemelex Xobeh
Okawaru
Ru
Sif Muna
Trog
Uskayaw
Vehumet
Wu Jian
Xom
Yredelemnul
Zin
The Shining One
Beogh

Shops:
D:12 ([[   Orc:1 =*

Annotations:
D:7 2 runed translucent doors, exclusion: orange crystal statue
D:9 1 runed translucent door, hemabe71's ghost, novice HuAr
D:11 Josephine
Orc:2 Saint Roka


Innate Abilities, Weirdness & Mutations

You cannot wear most types of armour.
You are very stealthy in the water. (Stealth+)
You are amphibious.
You can wear up to eight rings at the same time.
You can use your tentacles to constrict eight enemies at once.
Your skin changes colour to match your surroundings (Stealth+).
Your rubbery body absorbs attacks. (AC +1, EV +1)
You have supernaturally acute eyesight. (SInv)


Message History

Your larval oxsting beast hits the orc priest.
Your larval oxsting beast tramples the orc priest.
The orc priest holds its ground!
Your larval oxsting beast stings the orc priest but does no damage.
Saint Roka is engulfed in blazing flames.
Saint Roka hits you with a +2 halberd!!
* * * LOW HITPOINT WARNING * * *
The orc wizard is engulfed in blazing flames.
You kill the orc wizard!
Sif Muna accepts your kill.
You release your grip on Saint Roka.
Saint Roka is engulfed in blazing flames.
The orc priest is engulfed in blazing flames.
You kill the orc priest!
Sif Muna accepts your kill.
Your larval oxsting beast barely misses Saint Roka.
Your larval oxsting beast tramples Saint Roka but does no damage.
Your larval oxsting beast stings Saint Roka but does no damage.
Saint Roka hits you from afar with a +2 halberd!!
You die...

..####.#....#.#... ..
##....#...... . ##............
o.. .###............. ....##
##.###............ ....#.
####...#............. ......
##.##..###..###.......
......#####..(.....##...##......
.....[..8[)<.#.@................
.......)[°[[Ho#.................
._...[.°°[......................
.....[.°○[....#.................
........8.[[[..##...............
.....[######...####.............
...... ##....#.###............
....#. #..........#...........
....# ##.....................


You could see Saint Roka and a friendly larval oxsting beast (summoned).

Vanquished Creatures
  Gastronok (D:9)
  2 ogre magi (Orc:1)
  Harold (D:10)
  Erica (D:8)
  2 two-headed ogres
  2 orc high priests
  Nergalle (D:11)
  Urug (Orc:2)
  Sonja (D:10)
  2 deep trolls (Orc:1)
  Pikel (D:5)
  4 orc knights
  4 orc sorcerers
  An ugly thing (D:10)
  2 centaur zombies
  A gargoyle (D:12)
  Psyche (D:8)
  3 trolls (Orc:1)
  Prince Ribbit (D:6)
  Grinder (D:6)
  A wyvern (D:10)
  4 yaks (D:10)
  9 wargs
  Duvessa (D:6)
  4 water moccasins
  24 orc warriors
  A porcupine (D:10)
  3 black bears
  2 sky beasts
  2 phantoms
  2 ice beasts
  A necrophage (D:12)
  10 ogres
  5 centaurs
  A lemure (D:5)
  3 bullfrogs (D:10)
  A gnoll sergeant (D:9)
  Dowan (D:6)
  5 scorpions
  A wyvern skeleton (D:7)
  3 howler monkeys
  A bullfrog zombie (D:9)
  Crazy Yiuf (D:5)
  A centaur skeleton (D:4)
  5 hounds
  15 orc priests
  3 jellies
  An iguana (D:8)
  22 orc wizards
  6 worker ants
  A hound skeleton (D:4)
  A howler monkey zombie (D:10)
  A worker ant zombie (D:6)
  3 gnolls (D:9)
  9 adders
  2 shadow imps (D:9)
  2 white imps
  3 ufetubi
  3 adder skeletons
  2 worms
  A dart slug (D:2)
  A leopard gecko (D:8)
  48 orcs
  A ball python (D:2)
  2 bats (D:3)
  5 giant cockroaches
  8 goblins
  3 hobgoblins
  10 jackals
  7 kobolds (D:2)
  3 quokkas
  2 frilled lizards
  A leopard gecko skeleton (D:5)
  A quokka zombie (D:4)
  4 rats
296 creatures vanquished.

Vanquished Creatures (collateral kills)
  A hippogriff (D:12)
  Sigmund (D:2)
  A wraith (D:12)
  An ice beast (D:5)
  A centaur (D:5)
  2 jellies (D:4)
  An orc wizard (D:6)
  2 adders (D:4)
  A leopard gecko (D:2)
  5 orcs
  An iguana (D:4)
  2 jackals (D:5)
  2 quokkas
21 creatures vanquished.

Vanquished Creatures (others)
  An orc warrior (D:12)
  11 fungi
  2 plants (D:10)
14 creatures vanquished.

Grand Total: 331 creatures vanquished

Notes
Turn   | Place    | Note
-------+----------+-------------------------------------------
     0 | D:1      | Conn the Octopode Hedge Wizard began the quest for the Orb.
     0 | D:1      | Reached XP level 1. HP: 11/11 MP: 4/4
   397 | D:1      | Reached XP level 2. HP: 17/17 MP: 6/6
   405 | D:1      | Learned a level 2 spell: Blink
   408 | D:1      | Learned a level 2 spell: Call Imp
   875 | D:2      | Gained mutation: Your body sometimes deteriorates upon
                  | taking damage. [potion of mutation]
   875 | D:2      | Lost mutation: Your body sometimes deteriorates upon taking
                  | damage. [potion of mutation]
   875 | D:2      | Gained mutation: You have supernaturally acute eyesight.
                  | (SInv) [potion of mutation]
  1221 | D:2      | Reached XP level 3. HP: 18/21 MP: 8/8
  1226 | D:2      | Learned a level 3 spell: Conjure Flame
  1576 | D:2      | Noticed Sigmund
  1652 | D:2      | Killed Sigmund
  1652 | D:2      | Reached skill level 1 in Short Blades
  1652 | D:2      | Reached XP level 4. HP: 11/27 MP: 2/10
  1652 | D:2      | Reached XP level 5. HP: 13/32 MP: 2/11
  2666 | D:3      | Found a faded altar of an unknown god.
  3106 | D:4      | Reached XP level 6. HP: 37/37 MP: 6/12
  3111 | D:4      | Learned a level 3 spell: Mephitic Cloud
  3695 | D:4      | Reached skill level 1 in Fighting
  3961 | D:4      | Found a sparkling altar of Nemelex Xobeh.
  4024 | D:4      | Found a shimmering altar of Xom.
  4146 | D:5      | Entered Level 5 of the Dungeon
  4165 | D:5      | Reached skill level 5 in Spellcasting
  4165 | D:5      | Reached XP level 7. HP: 24/43 MP: 6/14
  4394 | D:5      | Found a sacrificial altar of Ru.
  4412 | D:5      | Noticed Pikel
  4492 | D:6      | Noticed Dowan
  4492 | D:6      | Noticed Prince Ribbit
  4594 | D:6      | Noticed Grinder
  5010 | D:5      | Killed Pikel
  5010 | D:5      | Reached skill level 1 in Throwing
  5010 | D:5      | Reached skill level 5 in Stealth
  5010 | D:5      | Reached skill level 1 in Fire Magic
  5010 | D:5      | Reached skill level 1 in Air Magic
  5010 | D:5      | Reached skill level 1 in Poison Magic
  5010 | D:5      | Reached XP level 8. HP: 12/48 MP: 14/16
  5974 | D:5      | Found a runed translucent door.
  5975 | D:5      | Noticed Crazy Yiuf
  5996 | D:5      | Killed Crazy Yiuf
  6157 | D:6      | Noticed Duvessa
  6716 | D:6      | Killed Duvessa
  6716 | D:6      | Reached XP level 9. HP: 53/53 MP: 9/18
  6723 | D:6      | Killed Dowan
  6723 | D:6      | Reached skill level 1 in Staves
  7000 | D:6      | Killed Prince Ribbit
  7200 | D:6      | Killed Grinder
  7908 | D:7      | Found a runed translucent door.
  8001 | D:7      | Found the +10 tower shield of Ignorance {rN+ Int-4}
  8247 | D:7      | Noticed an orange crystal statue
  8248 | D:7      | Found a runed translucent door.
  8419 | D:7      | Found a staircase to the Ecumenical Temple.
  8428 | Temple   | Entered the Ecumenical Temple
  8459 | Temple   | Became a worshipper of Sif Muna the Loreminder
  8465 | Temple   | Learned a level 4 spell: Petrify
  8491 | D:7      | Found an ornate altar of the Wu Jian Council.
  8731 | D:7      | Found a glowing golden altar of the Shining One.
  9175 | D:8      | Noticed Psyche
  9185 | D:8      | Killed Psyche
  9185 | D:8      | Reached skill level 1 in Transmutations
  9185 | D:8      | Reached skill level 1 in Earth Magic
  9185 | D:8      | Reached XP level 10. HP: 53/60 MP: 13/19
  9275 | D:8      | Reached * piety under Sif Muna
  9383 | D:8      | Noticed Erica
  9425 | D:8      | Killed Erica
  9880 | D:9      | Noticed Gastronok
  9931 | D:9      | Found a runed translucent door.
  9933 | D:9      | Found a shimmering altar of Xom.
  9933 | D:9      | Noticed a +2 flail of chaos
  9933 | D:9      | Noticed hemabe71's ghost (novice HuAr)
  9960 | D:9      | Reached skill level 5 in Conjurations
 10285 | D:9      | Noticed a two-headed ogre
 10310 | D:9      | Reached ** piety under Sif Muna
 10407 | D:9      | Killed a two-headed ogre
 10759 | D:9      | Killed Gastronok
 10759 | D:9      | Reached skill level 5 in Short Blades
 10759 | D:9      | Reached XP level 11. HP: 33/67 MP: 10/21
 11670 | D:10     | Entered Level 10 of the Dungeon
 11670 | D:10     | Noticed Sonja
 11677 | D:10     | Killed Sonja
 11748 | D:10     | Noticed Harold
 11761 | D:10     | Reached skill level 1 in Invocations
 11791 | D:10     | Killed Harold
 11878 | D:10     | Noticed a two-headed ogre
 11894 | D:10     | Killed a two-headed ogre
 12329 | D:10     | Learned a level 3 spell: Inner Flame
 12407 | D:10     | Found a staircase to the Lair.
 12542 | D:10     | Noticed a white ugly thing
 12608 | D:10     | Killed a white ugly thing
 12909 | D:11     | Noticed Josephine
 12919 | D:11     | Noticed Nergalle
 12935 | D:11     | Killed Nergalle
 12935 | D:11     | Reached skill level 5 in Dodging
 12959 | D:11     | Noticed a green ugly thing
 13040 | D:12     | Found Otefei's Armour Boutique.
 13040 | D:12     | Found a staircase to the Orcish Mines.
 13053 | D:12     | Found Pammek's Weapon Boutique.
 13112 | D:12     | Reached *** piety under Sif Muna
 13131 | D:12     | HP: 3/67 [water moccasin (5)]
 13509 | D:12     | Got a polished dagger
 13510 | D:12     | Identified the +10 dagger "Ememeim" {flame, rC+ SInv} (You
                  | found it on level 12 of the Dungeon)
 13520 | D:12     | Found Gaisebla's Armour Emporium.
 13563 | D:12     | Reached XP level 12. HP: 73/73 MP: 23/23
 13894 | D:12     | Learned a level 3 spell: Ignite Poison
 14319 | Orc:1    | Entered Level 1 of the Orcish Mines
 14639 | D:12     | Reached skill level 1 in Evocations
 15590 | Orc:1    | Noticed an ogre mage
 15591 | Orc:1    | Noticed an orc high priest
 15592 | Orc:1    | Noticed an ogre mage
 15597 | Orc:1    | Found Roreph's Assorted Antiques.
 15602 | Orc:1    | Killed an ogre mage
 15613 | Orc:1    | Killed an ogre mage
 15620 | Orc:1    | Paralysed by an orc sorcerer for 3 turns
 15623 | Orc:1    | Reached skill level 10 in Stealth
 15710 | Orc:1    | Reached **** piety under Sif Muna
 15970 | Orc:1    | Found Mivah's Jewellery Emporium.
 15979 | Orc:1    | Killed an orc high priest
 15983 | Orc:1    | Bought the ring of the Elephant {rPois Dex+2 Slay+5 Stlth+}
                  | for 862 gold pieces
 15983 | Orc:1    | Bought an uncursed ring of magical power for 320 gold
                  | pieces
 16071 | Orc:1    | Reached skill level 5 in Air Magic
 16504 | Orc:2    | Entered Level 2 of the Orcish Mines
 16505 | Orc:2    | Noticed Urug
 16508 | Orc:2    | Noticed an orc high priest
 16518 | Orc:2    | Reached skill level 5 in Invocations
 16525 | Orc:2    | Noticed Saint Roka
 16526 | Orc:2    | Killed Urug
 17005 | Orc:2    | Found a staircase to the Elven Halls.
 17053 | Orc:2    | Noticed a sun demon
 17168 | Orc:2    | Reached XP level 13. HP: 78/79 MP: 25/26
 17171 | Orc:2    | Reached skill level 10 in Spellcasting
 17200 | Orc:2    | Found a roughly hewn altar of Beogh.
 17562 | Orc:1    | Reached ***** piety under Sif Muna
 18106 | Orc:2    | Mangled by Saint Roka

Illustrated notes

Levels and vault maps discovered:
D:1:      ncdulo_smallfort, layout_basic
D:2:      layout_loops_ring, uniq_sigmund
D:3:      layout_basic, chequers_ecumenical_altar_simple
D:4:      layout_basic, nemelex_xobeh_ov_fountains_minmay, dk_xom_monty_hall
D:5:      layout_loops_ring, nicolae_ru_sacrificial_ziggurat,
          uniq_crazy_yiuf_cottage, uniq_pikel
D:6:      layout_cave_pools, gup_sewer_entry_spiral, minivault_22, uniq_grinder,
          uniq_duvessa, uniq_prince_ribbit1
D:7:      layout_gridville, minmay_temple_entry_stoned_glass,
          hangedman_feature_mirror, chequers_guarded_unrand_ignorance
D:8:      layout_rooms, uniq_erica, uniq_psyche
D:9:      layout_loops_ring, ebering_ghost_xom, chequers_hall_statues_corner_a,
          uniq_gastronok
D:10:     minmay_clustersquares, layout_cave_pools,
          grunt_lair_entry_orc_guard_hut, uniq_harold, uniq_sonja
D:11:     layout_roguey, kennysheep_pointless_box, uniq_nergalle, uniq_josephine
D:12:     layout_rooms, orc_david_3, serial_shops, shop
Temple:   regret_index_temple_sigil_plot
Orc:1:    cheibrodos_orc_guarddog, layout_diamond_mine, enter_bailey_2,
          guppyfry_orc_lava_fort
Orc:2:    grunt_orc_cross, layout_caves

Skill      XL: |  1  2  3  4  5  6  7  8  9 10 11 12 13 |
---------------+----------------------------------------+-----
Stealth        | 3 4 5 6 8 9 10 | 10.7
Short Blades   | 1 2 3 5 6 |  6.5
Spellcasting   | 4 5 6 7 9 10 | 10.3
Summonings     | 2 3 4 |  4.2
Fighting       | 1 2 3 |  3.9
Throwing       | 1 2 |  2.5
Dodging        | 3 4 5 |  5.6
Conjurations   | 2 3 4 6 7 |  7.5
Fire Magic     | 1 2 3 4 |  4.2
Air Magic      | 1 2 3 4 5 |  5.4
Poison Magic   | 1 2 3 |  3.6
Staves         | 2 |  2.7
Transmutations | 1 3 4 |  4.0
Earth Magic    | 1 4 |  4.3
Translocations | 2 |  2.4
Invocations    | 3 5 |  5.5
Evocations     | 1 |  1.3
Hexes          | |  0.8

Action                   |  1- 3 |  4- 6 |  7- 9 | 10-12 | 13-15 || total
-------------------------+-------+-------+-------+-------+-------++-------
Melee: Dagger            |    54 |     6 |       |   138 |    32 ||   230
       Constrict         |    14 |    13 |    28 |    78 |    10 ||   143
       Tentacles         |     8 |    17 |    30 |    99 |     4 ||   158
       Short sword       |       |    63 |   162 |   321 |       ||   546
       Quarterstaff      |       |       |    46 |       |       ||    46
Throw: Dart              |     5 |       |     7 |    24 |       ||    36
       Javelin           |       |       |       |     2 |       ||     2
 Cast: Magic Dart        |    10 |    33 |    99 |   135 |    15 ||   292
       Call Imp          |     6 |    16 |    18 |    18 |       ||    58
       Blink             |     1 |     1 |     5 |    31 |     3 ||    41
       Mephitic Cloud    |       |       |    16 |    83 |    14 ||   113
       Conjure Flame     |       |       |     1 |     2 |       ||     3
       Petrify           |       |       |       |    13 |    13 ||    26
       Inner Flame       |       |       |       |     5 |     1 ||     6
       Ignite Poison     |       |       |       |     2 |     2 ||     4
Evoke: Wand              |       |       |     2 |    12 |       ||    14
       Box of beasts     |       |       |       |       |     1 ||     1
  Use: Potion            |     5 |       |       |    10 |     1 ||    16
       Scroll            |     1 |     1 |       |     4 |       ||     6
 Stab: Sleeping          |     6 |     5 |    16 |    13 |       ||    40
       Confused          |       |       |     6 |    38 |     5 ||    49
       Distracted        |       |       |     2 |     3 |       ||     5
       Paralysed         |       |       |     3 |     5 |       ||     8
       Petrified         |       |       |       |     5 |     2 ||     7
       Petrifying        |       |       |       |     3 |       ||     3
Armor: Skin              |     7 |     8 |    15 |    32 |     2 ||    64
Dodge: Dodged            |    39 |    44 |    94 |   236 |     8 ||   421

Table legend: (Time is in decaauts)
 A = Elapsed time spent in this place.
 B = Non-inter-level travel time spent in this place.
 C = Inter-level travel time spent in this place.
 D = Time resting spent in this place.
 E = Time spent auto-exploring this place.
 F = Levels seen in this place.
 G = Mean time per level.
                   A        B        C        D        E       F      G
               +--------+--------+--------+--------+--------+-----+--------+
         Total |  17856 |  17604 |    252 |   5909 |   6762 |  15 | 1190.4 |
       Dungeon |  14801 |  14573 |    228 |   4683 |   5994 |  12 | 1233.4 |
        Temple |     60 |     36 |     24 |      0 |     19 |   1 |   60.0 |
  Orcish Mines |   2993 |   2993 |      0 |   1226 |    749 |   2 | 1496.5 |
               +--------+--------+--------+--------+--------+-----+--------+

Top non-repeatable levels by time:
   Orc:1: 2351 daAuts
     D:5: 2151 daAuts
    D:12: 1999 daAuts
     D:9: 1743 daAuts
     D:6: 1605 daAuts
     D:2: 1601 daAuts
    D:10: 1172 daAuts
     D:4: 1048 daAuts
     D:7: 1026 daAuts
     D:1: 839 daAuts
     D:8: 831 daAuts
     D:3: 644 daAuts
   Orc:2: 642 daAuts
    D:11: 137 daAuts
  Temple: 60 daAuts
